 Dungeon Crawl Stone Soup version 0.31.0-4-g52a2dc7128 (webtiles) character file.

Game seed: 5170975229936791406

597382 Monkooky the Slayer (level 27, 0/293 (305) HPs)
             Began as an Oni Alchemist on Jan 20, 2024.
             Was the Champion of Qazlal.
             Killed from afar by a Brimstone Fiend (31 damage)
             ... with damnation
             ... in Pandemonium on Jan 22, 2024.
             The game lasted 05:29:52 (75262 turns).

Monkooky the Slayer (Oni Alchemist)                Turns: 75262, Time: 05:29:53

HP:   0/293 (305)   AC: 25    Str: 26    XL:     27
MP:   43/43         EV:  8    Int: 26    God:    Qazlal [******]
Gold: 5460          SH: 28    Dex:  9    Spells: 3/58 levels left

rFire   + + +        K - +9 demon whip (vamp)
rCold   + . .        E - +4 kite shield {AC+3}
rNeg    + . .        D - +8 fire dragon scales
rPois   .            z - +2 hat
rElec   +            I - +2 cloak
rCorr   .            (gloves unavailable)
SInv    .            (boots unavailable)
Will    +++..        L - amulet "Wyt Rua" {Reflect rF+ SH+5} Stlth
                     p - ring "Pukaosaora" {rElec rC++ Will+ Int+6}
HPRegen 0.68/turn    C - ring of positive energy
MPRegen 0.28/turn

%: repel missiles, reflection
@: very slightly contaminated, studying Translocations, lightly drained
A: large, unfitting armour, horns 2, tough skin 1, double potion healing,
drunken brawling, talons 1, deformed body
}: 4/15 runes: decaying, slimy, silver, gossamer
a: Renounce Religion, Upheaval, Elemental Force, Disaster Area


You were in Pandemonium.
You worshipped Qazlal.
Qazlal was exalted by your worship.
You visited 9 branches of the dungeon, and saw 47 of its levels.
You visited Pandemonium 1 time, and saw 4 of its levels.
You also visited: Bailey, Ice Cave, Volcano and Wizlab.

You collected 10160 gold pieces.
You spent 4700 gold pieces at shops.

Inventory:

Hand Weapons
 K - a +9 vampiric demon whip (weapon)
Missiles
 h - 11 curare-tipped darts
 o - 109 large rocks
 q - 26 boomerangs
 M - 21 javelins (quivered)
 R - 2 throwing nets
Armour
 z - a +2 hat (worn)
 D - +8 fire dragon scales (worn)
 E - a +4 kite shield of protection (worn)
 I - a +2 cloak (worn)
 W - the +6 faerie dragon scales {rCorr MP+1 Int+3}
   (You took it off the Enchantress on level 2 of the Depths)

   Int+3:     It affects your intelligence (+3).
   MP+1:      It affects your magic capacity (+1).
   rCorr:     It protects you from acid and corrosion.
Jewellery
 d - the ring "Vuklat Zerph" {rPois EV+5 Int+3}
   (You found it on level 3 of the Depths)

   [ring of evasion]

   EV+5:      It affects your evasion (+5).
   Int+3:     It affects your intelligence (+3).
   rPois:     It protects you from poison
 p - the ring "Pukaosaora" (left hand) {rElec rC++ Will+ Int+6}
   (You bought it in a shop on level 1 of the Vaults)

   [ring of intelligence]

   Int+6:     It affects your intelligence (+6).
   rC++:      It greatly protects you from cold.
   rElec:     It insulates you from electricity.
   Will+:     It increases your willpower.
 u - the ring "Tats" {Wiz ^Drain Will+ Dex+2}
   (You found it on level 5 of the Pits of Slime)

   [ring of wizardry]

   Wiz:       It improves your spell success rate.
   Dex+2:     It affects your dexterity (+2).
   Will+:     It increases your willpower.
   ^Drain:    It drains your maximum health when unequipped.
 x - the ring of Awkoibib {EV+5 Dex+3}
   (You took it off a deep elf annihilator on level 3 of the Elven Halls)

   [ring of evasion]

   EV+5:      It affects your evasion (+5).
   Dex+3:     It affects your dexterity (+3).
 C - a ring of positive energy (right hand)
 L - the amulet "Wyt Rua" (around neck) {Reflect rF+ SH+5}
   (You acquired it on level 2 of the Depths)

   [amulet of reflection]

   Reflect:   It reflects blocked missile attacks.
   rF+:       It protects you from fire.
   SH+5:      It affects your SH (+5).
 Q - the ring of Asheq {AC+4 Str+2}
   (You found it on level 5 of the Vaults)

   [ring of protection]

   AC+4:      It affects your AC (+4).
   Str+2:     It affects your strength (+2).
 X - the ring of Sise {rPois SInv}
   (You found it in a wizard's laboratory)

   [ring of see invisible]

   rPois:     It protects you from poison SInv: It lets you see invisible.
Wands
 s - a wand of digging (29)
 H - a wand of iceblast (55)
 N - a wand of paralysis (95)
 Y - a wand of quicksilver (9)
Scrolls
 a - 22 scrolls of teleportation
 c - 8 scrolls of revelation
 f - 6 scrolls of silence
 g - 3 scrolls of butterflies
 n - 10 scrolls of vulnerability
 r - 14 scrolls of blinking
 v - 14 scrolls of poison
 y - 13 scrolls of fog
 F - 11 scrolls of fear
 G - 3 scrolls of immolation
 Z - 4 scrolls of torment
Potions
 b - 4 potions of magic
 e - 16 potions of attraction
 i - 10 potions of lignification
 j - 12 potions of brilliance
 k - 6 potions of invisibility
 m - 7 potions of heal wounds
 t - 8 potions of resistance
 w - 12 potions of might
 A - 5 potions of enlightenment
 B - 18 potions of mutation
 P - 5 potions of berserk rage
 S - 7 potions of ambrosia
 T - 12 potions of haste
 U - 4 potions of cancellation
 V - 26 potions of curing
Miscellaneous
 l - a lightning rod (4/4)
 J - a phial of floods
 O - a phantom mirror


   Skills:
 - Level 23.2 Fighting
 - Level 12.0 Maces & Flails
 + Level 22.4 Throwing
 - Level 10.4 Armour
 - Level 5.9 Dodging
 - Level 1.4 Stealth
 - Level 11.5 Shields
 - Level 16.1 Spellcasting
 - Level 7.5 Conjurations
 - Level 7.3 Hexes
 - Level 12.0 Necromancy
 - Level 10.9 Translocations
 - Level 7.7 Fire Magic
 - Level 2.6 Air Magic
 - Level 15.5 Alchemy
 - Level 16.8 Invocations
 - Level 1.6 Shapeshifting


You had 3 spell levels left.
You knew the following spells:

 Your Spells              Type           Power      Damage    Failure   Level
a - Passage of Golubria   Tloc           67%        N/A       1%          4
b - Mephitic Cloud        Conj/Alch/Air  60%        N/A       1%          3
c - Olgreb's Toxic Radia  Alch           80%        N/A       1%          4
d - Sticky Flame          Fire/Alch      69%        2d11      1%          4
e - Yara's Violent Unrav  Hex/Alch       34%        3d14      2%          5
f - Irradiate             Conj/Alch      34%        3d23      2%          5
g - Ignite Poison         Fire/Alch      69%        N/A       1%          4
h - Eringya's Noxious Bo  Alch           40%        4d6       2%          6
i - Alistair's Intoxicat  Alch           53%        N/A       1%          5
j - Fugue of the Fallen   Necr           70%        N/A       1%          3
k - Death Channel         Necr           35%        N/A       10%         6
l - Blink                 Tloc           100%       N/A       1%          2
m - Manifold Assault      Tloc           67%        N/A       1%          4

Your spell library contained the following spells:

 Spells                   Type           Power      Damage    Failure   Level
 Foxfire                  Conj/Fire      100%       2x1d9     1%          1
 Magic Dart               Conj           100%       1d8       1%          1
 Necrotise                Necr           100%       1d9       1%          1
 Sting                    Conj/Alch      100%       1d9       1%          1
 Cigotuvi's Dreadful Rot  Necr/Alch/Air  100%       N/A       1%          2
 Jinxbite                 Hex            100%       N/A       1%          2
 Lesser Beckoning         Tloc           100%       N/A       1%          2
 Mercury Vapours          Alch/Air       100%       N/A       1%          2
 Momentum Strike          Conj/Tloc      100%       3d10      1%          2
 Scorch                   Fire           100%       2d9       1%          2
 Static Discharge         Conj/Air       94%        3-7/arc   1%          2
 Sublimation of Blood     Necr           70%        N/A       1%          2
 Dazzling Flash           Conj/Hex       100%       N/A       1%          3
 Gell's Gravitas          Tloc           67%        N/A       1%          3
 Sigil of Binding         Hex            56%        N/A       1%          3
 Teleport Other           Tloc           67%        N/A       1%          3
 Tukima's Dance           Hex            56%        N/A       1%          3
 Vampiric Draining        Necr           70%        2d11      1%          3
 Volatile Blastmotes      Fire/Tloc      100%       2d18      1%          3
 Ensorcelled Hibernation  Hex/Ice        80%        N/A       3%          2
 Hailstorm                Conj/Ice       40%        3d9       6%          3
 Stone Arrow              Conj/Erth      80%        3d12      6%          3
 Freeze                   Ice            84%        1d9       9%          1
 Sandblast                Erth           42%        2d11      9%          1
 Summon Small Mammal      Summ           84%        N/A       9%          1
 Swiftness                Air            34%        N/A       9%          3
 Call Imp                 Summ           42%        N/A       14%         2
 Call Canine Familiar     Summ           21%        N/A       26%         3
 Frozen Ramparts          Ice            42%        1d7       26%         3
 Passwall                 Erth           21%        N/A       26%         3
 Summon Ice Beast         Ice/Summ       21%        N/A       26%         3
 Anguish                  Hex/Necr       31%        N/A       1%          4
 Animate Dead             Necr           70%        N/A       1%          4
 Dimensional Bullseye     Hex/Tloc       31%        N/A       1%          4
 Dispel Undead            Necr           70%        3d24      1%          4
 Fulminant Prism          Conj/Alch      34%        3d15      1%          4
 Iskenderun's Mystic Bla  Conj/Tloc      62%        2d13      1%          4
 Curse of Agony           Necr           70%        N/A       1%          5
 Flame Wave               Conj/Fire      57%        2d14      3%          4
 Petrify                  Alch/Erth      57%        N/A       3%          4
 Cause Fear               Hex            28%        N/A       4%          4
 Martyr's Knell           Necr/Summ      51%        N/A       8%          4
 Fireball                 Conj/Fire      28%        3d12      11%         5
 Dispersal                Tloc           33%        N/A       16%         6
 Brom's Barrelling Bould  Conj/Erth      40%        2d6       19%         4
 Summon Blazeheart Golem  Fire/Summ      41%        N/A       19%         4
 Borgnjor's Vile Clutch   Necr/Erth      25%        N/A       22%         5
 Summon Forest            Summ/Tloc      24%        N/A       26%         5
 Airstrike                Air            17%        2d(3-19)  30%         4
 Arcjolt                  Conj/Air       23%        1d33      30%         5
 Silence                  Hex/Air        23%        N/A       32%         5
 Summon Lightning Spire   Summ/Air       27%        N/A       45%         4
 Summon Mana Viper        Hex/Summ       40%        N/A       50%         5
 Sculpt Simulacrum        Ice/Alch       28%        N/A       50%         6
 Freezing Cloud           Conj/Ice/Air   19%        6-21      52%         5
 Starburst                Conj/Fire      28%        6d9       52%         6
 Animate Armour           Summ/Erth      42%        N/A       65%         4
 Conjure Ball Lightning   Conj/Air       23%        3x3d6     86%         6
 Plasma Beam              Fire/Air       24%        2x1d36    86%         6
 Lee's Rapid Deconstruct  Erth           10%        3d8*      94%         5
 Enfeeble                 Hex            28%        N/A       98%         7
 Infestation              Necr           35%        N/A       99%         8
 Summon Cactus Giant      Summ           10%        N/A       100%        6
 Haunt                    Necr/Summ      25%        N/A       100%        7
 Malign Gateway           Summ/Tloc      24%        N/A       100%        7
 Monstrous Menagerie      Summ           10%        N/A       100%        7
 Ozocubu's Refrigeration  Ice            10%        4d9       100%        7
 Summon Hydra             Summ           10%        N/A       100%        7
 Discord                  Hex            28%        N/A       100%        8
 Disjunction              Tloc           33%        N/A       100%        8
 Ignition                 Fire           28%        3d9       100%        8
 Lehudib's Crystal Spear  Conj/Erth      20%        10d6      100%        8
 Maxwell's Capacitive Co  Air            17%        ∞         100%        8
 Dragon's Call            Summ           10%        N/A       100%        9
 Polar Vortex             Ice            10%        12d1*     100%        9


Dungeon Overview and Level Annotations

Branches:
Dungeon (15/15)            Temple (0/1) D:4            Lair (5/5) D:11
  Swamp (4/4) Lair:2       Spider (4/4) Lair:2        Slime (5/5) Lair:5
    Orc (2/2) D:11            Elf (3/3) Orc:2        Vaults (5/5) D:13
  Crypt (0/3) Vaults:2     Depths (4/4) D:15            Zot (0/5) Depths:4
 Bailey (visited)           IceCv (visited)         Volcano (visited)
 WizLab (visited)

Altars:
Elyvilon
Fedhas
Hepliaklqana
Kikubaaqudgha
Nemelex Xobeh
Okawaru
Qazlal
Uskayaw
Xom
Yredelemnul
Zin
The Shining One
Jiyva

Shops:
D:4 *   D:8 (![!   D:10 *   Orc:2 [:(*   Elf:3 *   Vaults:1 =   Vaults:4 ((?
Vaults:5 *   Depths:1 ??(   Depths:2 ?   Depths:4 =::

Portals:
Hell: Depths:1 Depths:2 Depths:3 Depths:4
Abyss: Depths:3
Pandemonium: Depths:1 Depths:2 Depths:3
Ziggurat: Depths:3

Annotations:
D:2 1 runed translucent door, Crazy Yiuf
D:4 1 runed translucent door, DaftaChap's ghost, amateur MfSh
D:5 exclusion: downstairs
Lair:4 exclusion: oklob plant
Swamp:3 1 transporter, Matygoc's ghost, adept HaSk
Orc:1 1 runed translucent door, Shen's ghost, journeyman MiFi
Elf:1 1 runed translucent door, exclusion: orange crystal statue
Elf:2 3 runed translucent doors
Vaults:2 exclusion: downstairs
Vaults:4 exclusion: downstairs
Vaults:5 Boris
Depths:3 2 runed translucent doors
Depths:4 3 runed translucent doors


Innate Abilities, Weirdness & Mutations

You are too large for most types of armour.
You have a pair of horns on your head.
You have tough skin. (AC +1)
You gain doubled healing and magic from potions.
Whenever you drink a healing potion, you attack all around you.
You have sharp toenails.
Armour fits poorly on your strangely shaped body.


Message History

Press: ? - help, Q - select action, (/) - cycle Shift-Dir - straight line, f - Tzitzimitl
Aim: a Tzitzimitl (60% to hit)
You throw a large rock. The large rock hits the Tzitzimitl!!!
The Tzitzimitl is heavily wounded.
The Tzitzimitl calls on the powers of darkness!
Your body is wracked with pain!
* * * LOW HITPOINT WARNING * * *
Throw: 109 large rocks
Press: ? - help, Q - select action, (/) - cycle Shift-Dir - straight line, f/p - Tzitzimitl
Aim: a Tzitzimitl (heavily wounded, 60% to hit)
Okay, then.
Throw: 23 javelins
Press: ? - help, Q - select action, (/) - cycle Shift-Dir - straight line, f - Brimstone Fiend, p - Tzitzimitl
Aim: a Brimstone Fiend (83% to hit)
You throw a javelin.
The javelin pierces through the Tzitzimitl!!
The Tzitzimitl is severely wounded.
The javelin pierces through the Brimstone Fiend!
The Brimstone Fiend is lightly wounded.
Throw: 22 javelins
Press: ? - help, Q - select action, (/) - cycle Shift-Dir - straight line, f/p - Brimstone Fiend
Aim: a Brimstone Fiend (lightly wounded, 83% to hit)
You throw a javelin.
The javelin pierces through the Tzitzimitl!!!
The Tzitzimitl is almost dead.
The javelin pierces through the Brimstone Fiend!
The Brimstone Fiend is moderately wounded.
Something croaks, "Accept thy fall, thou tasty repast!"
The Brimstone Fiend calls on the powers of darkness!
Your body is wracked with pain!
* * * LOW HITPOINT WARNING * * *
Okay, then.
Okay, then.
As you read the scroll of fog, it dissolves into smoke.
The Tzitzimitl gestures at you. The bolt of negative energy hits you.
You partially resist.
You feel drained.
* * * LOW HITPOINT WARNING * * *
The Brimstone Fiend gestures at you.
The sphere of damnation explodes!
The damnation engulfs you!!
You die...

*,..,* #...,,,,,,,,*
**,...######..,,,,,,,,,****
,,,..........#*******,,,,,*
,,,..........# *,,,,,*
,,,..........# *,,,,,*
,,,..........# *,,,,,* ****
,,,....∩.....# *,,,,.* *,,,
,,,......(..(##### *,,...* *,,,
***####()(..1(○§@####....$****,,,
#.......1°§§§.......,,,,,,,
#.......☼§§§§.......,,,,***
#...................,,,,*
#...................,,,,*
#...................,,,,*
*#...................,,,,***
*...(######.....#####***,,,,
*,,..* #.....# *,,,,


You could see a Tzitzimitl and a Brimstone Fiend.

Vanquished Creatures
  the Royal Jelly (Slime:5)
  A dread lich (Vaults:5)
  2 ancient liches
  3 juggernauts
  Bai Suzhen (Swamp:4)
  the Lernaean hydra (Swamp:4)
  2 caustic shrikes (Depths:3)
  9 golden dragons
  the Enchantress (Depths:2)
  Norris (Vaults:1)
  Arachne (Spider:3)
  A bone dragon (Depths:4)
  A Brimstone Fiend (Pan)
  A Tzitzimitl (Pan)
  6 tentacled monstrosities
  Zenata (Vaults:4)
  3 Hell Sentinels (Pan)
  4 titans
  3 walking crystal tomes (Depths:3)
  5 liches
  2 deep elf master archers (Elf:3)
  Mlioglotl (Lair:2)
  2 deep elf blademasters (Elf:3)
  7 quicksilver dragons
  A moon troll (WizLab)
  2 walking divine tomes (Depths:3)
  6 sphinxes
  A walking frostbound tome (Depths:3)
  18 acid blobs
  Gastronok (D:9)
  8 storm dragons
  13 tentacled starspawn (WizLab)
  4 tengu reavers
  2 thorn hunters
  4 shadow dragons
  Aizul (Spider:4)
  2 fenstrider witches
  9 azure jellies
  A draconian knight (Depths:4)
  Agnes (Spider:3)
  12 fire giants
  9 rockslimes
  A draconian monk (Depths:4)
  The ghost of Zachydoop the Severer, a journeyman DsGl of Ru (Swamp:2)
  8 emperor scorpions
  6 iron dragons
  3 deep elf sorcerers (Elf:3)
  17 frost giants
  A demonspawn warmonger (Pan)
  A revenant (Vaults:2)
  4 ghost moths
  18 vault wardens
  Louise (D:14)
  9 balrugs (Pan)
  4 deep elf elementalists (Elf:3)
  A ghoul (Swamp:3)
  2 reapers
  11 quicksilver oozes
  5 orc warlords
  2 cacodemons
  12 very ugly things
  A broodmother (Spider:1)
  13 ironbound preservers
  3 formless jellyfish
  8 spriggan defenders
  29 stone giants
  2 demonspawn blood saints (Pan)
  8 ironbound thunderhulks
  4 eleionomae
  2 green draconians (Depths:4)
  7 deep elf demonologists
  3 bunyips
  3 war gargoyles
  A lorocyproca (Depths:2)
  3 black draconians (Depths:4)
  6 deep elf annihilators
  5 vampire knights
  A purple draconian (Depths:4)
  A white draconian (Depths:4)
  19 ettins
  4 deep elf death magi
  6 dire elephants
  2 demonspawn black suns (Pan)
  A crystal guardian (Vaults:3)
  13 spark wasps
  13 fire dragons
  A merfolk impaler (Depths:1)
  Azrael (Spider:3)
  A green death (Pan)
  4 blizzard demons
  15 great orbs of eyes
  10 entropy weavers
  A shambling mangrove (Swamp:4)
  4 deep elf high priests
  18 yaktaur captains
  11 ice dragons
  20 hydras
  5 rakshasas
  3 peacekeepers
  Erica (D:9)
  39 vault guards
  8 boulder beetles
  Erolcha (D:9)
  3 radroaches
  8 ironbound frosthearts
  2 ogre magi
  4 ghost crabs (Lair:3)
  A caustic shrike simulacrum (Depths:1)
  A spriggan air mage (Depths:2)
  17 centaur warriors
  2 death knights
  An orc high priest (Orc:2)
  16 alligators
  9 dancing weapons
  16 deep troll shamans
  8 two-headed ogres
  12 tengu warriors
  6 demonic crawlers
  A sphinx skeleton (Depths:1)
  11 death yaks
  12 deep troll earth magi
  4 vampire magi
  An occultist (Depths:2)
  10 hell knights
  Sonja (Lair:2)
  9 spriggan berserkers
  A storm dragon zombie (D:15)
  16 sun demons
  5 deep elf knights
  A skyshark (shapeshifter) (Depths:3)
  Amaemon (Lair:1)
  8 soul eaters
  6 iron trolls
  4 skysharks
  5 fire crabs (Lair:3)
  An orange crystal statue (WizLab)
  8 skeletal warriors
  A wretched star (WizLab)
  2 sixfirhies
  An orb spider (shapeshifter) (Vaults:5)
  3 pharaoh ants
  A cherub (Pan)
  3 goliath frogs
  36 deep trolls
  3 sun moths
  7 swamp dragons
  6 orb spiders
  6 spriggan druids
  5 deep elf archers
  2 flayed ghosts
  5 arcanists
  5 shadow demons (Pan)
  17 glowing orange brains
  5 bog bodies
  2 phantasmal warriors
  5 harpies (Vaults:3)
  A glowing orange brain (shapeshifter) (Vaults:3)
  10 lindwurms
  19 deep elf pyromancers
  9 orc knights
  A harpy (shapeshifter) (Depths:3)
  7 steelbarb worms
  17 deep elf zephyrmancers
  22 ironbound convokers
  10 necromancers
  3 manticores
  9 wolf spiders
  2 oklob plants (D:11)
  3 orc sorcerers (Orc:2)
  3 shining eyes
  33 ugly things
  7 will-o-the-wisps
  3 cyclopes
  2 salamanders (Depths:4)
  10 elephants
  A kobold blastminer (Orc:2)
  3 moths of wrath
  An apocalypse crab (Lair:3)
  A guardian serpent (shapeshifter) (Elf:1)
  5 black mambas
  19 vault sentinels
  An ice statue (IceCv)
  14 cane toads
  4 torpor snails
  An elephant (shapeshifter) (Vaults:4)
  A rust devil (Pan)
  5 orange demons
  4 smoke demons (Pan)
  3 gargoyles
  An eye of devastation (shapeshifter) (Vaults:4)
  6 eyes of devastation
  2 unseen horrors
  Jeremiah (D:6)
  A large abomination (Pan)
  11 komodo dragons
  2 efreet
  A yaktaur (shapeshifter) (D:10)
  A rime drake (Lair:1)
  28 yaktaurs
  4 freezing wraiths
  4 red devils (Pan)
  3 tengu conjurers
  A bloated husk (Swamp:1)
  An anaconda simulacrum (IceCv)
  A hellwing (Pan)
  2 wind drakes (shapeshifter) (Elf:1)
  7 tyrant leeches
  8 trolls
  A raiju (shapeshifter) (Elf:1)
  19 hornets
  A tarantella (shapeshifter) (Depths:3)
  8 polar bears
  A dream sheep (Lair:5)
  4 glass eyes
  14 tarantellas
  Prince Ribbit (Bailey)
  7 blink frogs
  110 slime creatures
  20 jumping spiders
  2 spriggan skeletons
  A centaur simulacrum (D:10)
  3 water elementals
  2 air elementals
  31 spriggans
  A spriggan (shapeshifter) (Elf:1)
  A shadow (D:10)
  2 ynoxinuls
  5 wraiths
  A wyvern (shapeshifter) (D:15)
  A dire elephant simulacrum (IceCv)
  60 yaks
  A vampire (D:10)
  8 fire elementals
  8 humans (Bailey)
  18 culicivoras
  A fire bat (shapeshifter) (D:10)
  2 basilisks
  A neqoxec (WizLab)
  3 golden eyes (Slime:5)
  4 wyverns
  7 wargs
  61 redbacks
  3 steam dragons
  17 vampire mosquitoes
  A death yak simulacrum (IceCv)
  Grum (D:10)
  8 chaos spawn (Pan)
  10 swamp worms
  7 acid dragons
  2 harpy simulacra (IceCv)
  A swamp worm (shapeshifter) (Vaults:4)
  7 hell hounds
  17 water moccasins
  42 orc warriors
  4 ice beasts
  2 laughing skulls (D:14)
  12 swamp drakes
  30 wolves
  7 ogres
  11 boggarts
  5 black bears
  10 centaurs
  6 phantoms (D:7)
  3 kobold brigands
  24 bullfrogs
  5 scorpions
  2 earth elementals
  2 two-headed ogre simulacra (IceCv)
  2 cane toad simulacra (IceCv)
  A necrophage (Swamp:4)
  18 wights
  An elephant simulacrum (IceCv)
  9 killer bees
  5 electric eels
  9 howler monkeys
  2 centaur zombies (D:7)
  4 jellies
  16 orc priests
  4 bombardier beetles
  9 starcursed masses (WizLab)
  A gnoll bouda (D:5)
  2 hounds
  5 iguanas
  4 sleepcaps (D:7)
  29 orc wizards
  5 scorpion zombies (D:7)
  8 spriggan simulacra
  2 polar bear simulacra (IceCv)
  7 troll simulacra (IceCv)
  4 killer bee zombies (D:7)
  4 wolf simulacra (IceCv)
  6 gnolls
  9 adders
  5 naga simulacra (IceCv)
  8 shadow imps
  13 white imps
  5 ufetubi
  A ribbon worm (D:3)
  2 dart slugs
  80 orcs
  8 ball pythons
  5 bats
  3 endoplasms
  2 giant cockroaches
  7 goblins
  11 hobgoblins
  11 jackals
  29 kobolds
  3 quokkas
  A frilled lizard (D:1)
  4 rats
  23 starspawn tentacles (WizLab)
2244 creatures vanquished.

Vanquished Creatures (collateral kills)
  A golden dragon (Depths:3)
  3 acid blobs
  A formless jellyfish (Slime:5)
  2 ettins (Depths:4)
  A boulder beetle (D:10)
  A deep troll earth mage (Depths:4)
  A deep troll shaman (Depths:4)
  3 deep trolls (Depths:4)
  An ugly thing (Depths:4)
  A shining eye (Slime:4)
  An eye of devastation (Slime:4)
  Maggie (D:10)
  10 slime creatures
  An orc warrior (Orc:2)
28 creatures vanquished.

Vanquished Creatures (others)
  A fire giant (Vaults:5)
  A frost giant (Depths:3)
  A fire dragon (Depths:3)
  A salamander mystic (Depths:4)
  A deep troll (Depths:4)
  A deep elf pyromancer (Volcano)
  A jumping spider (Spider:4)
  A chaos spawn (Pan)
  22 foxfires
  21 starspawn tentacles (WizLab)
51 creatures vanquished.

Grand Total: 2323 creatures vanquished

Notes
Turn   | Place    | Note
-------+----------+-------------------------------------------
     0 | D:1      | Monkooky the Oni Alchemist began the quest for the Orb.
     0 | D:1      | Reached XP level 1. HP: 16/16 MP: 3/3
   288 | D:1      | Reached XP level 2. HP: 17/24 MP: 0/6
   378 | D:1      | Found a faded altar of an unknown god.
   417 | D:1      | Prayed at the altar of an unknown god.
   417 | D:1      | Became a worshipper of Qazlal Stormbringer
   417 | D:1      | Reached * piety under Qazlal
  1441 | D:2      | Reached XP level 3. HP: 31/31 MP: 2/8
  1595 | D:2      | Learned a level 3 spell: Mephitic Cloud
  1696 | D:2      | Reached ** piety under Qazlal
  2199 | D:2      | Found a runed translucent door.
  2200 | D:2      | Noticed Crazy Yiuf
  2589 | D:3      | Reached skill level 1 in Shapeshifting
  2589 | D:3      | Reached XP level 4. HP: 33/39 MP: 3/10
  2923 | D:3      | Learned a level 4 spell: Sticky Flame
  3424 | D:4      | Noticed an ogre
  3431 | D:4      | Killed an ogre
  3432 | D:4      | Reached skill level 5 in Spellcasting
  3432 | D:4      | Reached XP level 5. HP: 45/45 MP: 3/12
  3557 | D:4      | Reached XP level 6. HP: 49/53 MP: 14/14
  3596 | D:4      | Found a hide-covered altar of Uskayaw.
  3636 | D:4      | Learned a level 4 spell: Olgreb's Toxic Radiance
  3677 | D:4      | Found a hazy altar of Hepliaklqana.
  3680 | D:4      | Found a basalt altar of Yredelemnul.
  3764 | D:4      | Reached skill level 1 in Fire Magic
  3858 | D:4      | Found Gudeo's Gadget Gallery.
  3915 | D:4      | Found a runed translucent door.
  3917 | D:4      | Noticed DaftaChap's ghost (amateur MfSh)
  4048 | D:4      | Found a staircase to the Ecumenical Temple.
  4056 | D:4      | Reached XP level 7. HP: 33/59 MP: 8/16
  4189 | D:5      | Entered Level 5 of the Dungeon
  4404 | D:4      | Reached *** piety under Qazlal
  4610 | D:5      | Reached skill level 5 in Alchemy
  4722 | D:5      | Reached XP level 8. HP: 43/67 MP: 11/18
  5749 | D:6      | Noticed Jeremiah
  5759 | D:6      | Killed Jeremiah
  5826 | D:6      | Reached XP level 9. HP: 33/74 MP: 3/21
  6079 | D:6      | Reached **** piety under Qazlal
  6088 | D:6      | Learned a level 5 spell: Yara's Violent Unravelling
  6129 | D:6      | Reached skill level 5 in Fire Magic
  6837 | D:7      | Reached skill level 1 in Conjurations
  6999 | D:7      | Reached skill level 1 in Air Magic
  7043 | D:7      | Reached XP level 10. HP: 75/81 MP: 23/23
  7190 | D:7      | Identified the +0 rapier of Overwhelming Force {vamp, rN+}
  7547 | D:7      | Reached skill level 10 in Spellcasting
  7701 | D:7      | Reached ***** piety under Qazlal
  7837 | D:7      | Reached skill level 1 in Fighting
  7838 | D:7      | Identified the +4 ring mail of Duty {rC+ rCorr}
  7844 | D:7      | Reached skill level 2 in Fighting
  7923 | D:7      | Noticed a boulder beetle
  7944 | D:7      | Killed a boulder beetle
  7945 | D:7      | Reached skill level 5 in Fighting
  8612 | D:8      | Found Lihef's Distillery.
  8616 | D:8      | Bought a potion of degeneration for 11 gold pieces
  8616 | D:8      | Bought a potion of cancellation for 88 gold pieces
  8616 | D:8      | Bought a potion of brilliance for 44 gold pieces
  8616 | D:8      | Bought a potion of curing for 33 gold pieces
  8619 | D:8      | Found a flagged portal.
  8626 | D:8      | Reached skill level 6 in Fighting
  8633 | D:8      | Reached skill level 7 in Fighting
  8638 | D:8      | Reached skill level 1 in Invocations
  8741 | Bailey   | Entered a bailey
  8755 | Bailey   | Reached skill level 5 in Invocations
  8756 | Bailey   | Reached XP level 11. HP: 109/109 MP: 7/25
  9142 | Bailey   | Noticed Prince Ribbit
  9144 | Bailey   | Noticed a vault guard
  9156 | Bailey   | Killed Prince Ribbit
  9164 | Bailey   | Killed a vault guard
  9288 | Bailey   | Noticed a vault guard
  9295 | Bailey   | Killed a vault guard
  9493 | D:8      | Reached skill level 10 in Invocations
  9550 | D:8      | Found Hiatelul's Weapon Shop.
  9577 | D:8      | Found Qashiem's Armour Emporium.
  9954 | D:8      | Found Sadout's Distillery.
 10124 | D:9      | Identified the +1 robe of Duty {Harm Will- Str+3}
 10226 | D:9      | Noticed a two-headed ogre
 10233 | D:9      | Killed a two-headed ogre
 10363 | D:9      | Noticed Erolcha
 10375 | D:9      | Killed Erolcha
 10599 | D:9      | Noticed Gastronok
 10616 | D:9      | Killed Gastronok
 10617 | D:9      | Reached skill level 8 in Fighting
 10617 | D:9      | Reached XP level 12. HP: 103/122 MP: 11/26
 10705 | D:9      | Reached skill level 9 in Fighting
 11085 | D:9      | Reached skill level 10 in Fighting
 11143 | D:9      | Noticed Erica
 11157 | D:9      | Killed Erica
 11883 | D:8      | Bought a potion of resistance for 110 gold pieces
 11883 | D:8      | Bought a potion of haste for 110 gold pieces
 11883 | D:8      | Bought a potion of mutation for 88 gold pieces
 11904 | D:10     | Entered Level 10 of the Dungeon
 11904 | D:10     | Found Yddom's General Store.
 11918 | D:10     | Reached skill level 11 in Fighting
 12104 | D:10     | Bought a wand of digging (4) for 218 gold pieces
 12264 | D:10     | Found a shimmering altar of Xom.
 12288 | D:10     | Reached skill level 12 in Fighting
 12296 | D:10     | Reached skill level 1 in Maces & Flails
 12300 | D:10     | Noticed Grum
 12301 | D:10     | Noticed a centaur warrior
 12317 | D:10     | Killed a centaur warrior
 12324 | D:10     | Killed Grum
 12373 | D:10     | Noticed a two-headed ogre
 12382 | D:10     | Killed a two-headed ogre
 12382 | D:10     | Reached ****** piety under Qazlal
 12383 | D:10     | Reached skill level 5 in Maces & Flails
 12790 | D:10     | Identified the +1 robe of Incorporation {Rampage rN+}
 12790 | D:10     | Noticed a tengu warrior
 12792 | D:10     | Noticed a six-headed hydra
 12796 | D:10     | Killed a six-headed hydra
 12796 | D:10     | Killed a tengu warrior
 12822 | D:10     | Reached XP level 13. HP: 103/140 MP: 3/27
 13057 | D:10     | Noticed an ettin
 13068 | D:10     | Killed an ettin
 13073 | D:10     | Noticed Maggie
 13364 | D:10     | Killed Maggie
 14439 | D:11     | Found a staircase to the Orcish Mines.
 14976 | D:11     | Found a staircase to the Lair.
 15079 | Orc:1    | Entered Level 1 of the Orcish Mines
 15342 | Orc:1    | Noticed an ettin
 15349 | Orc:1    | Killed an ettin
 15428 | Orc:1    | Found a runed translucent door.
 15430 | Orc:1    | Noticed Shen's ghost (journeyman MiFi)
 15439 | Orc:1    | Reached skill level 10 in Maces & Flails
 15885 | Orc:2    | Entered Level 2 of the Orcish Mines
 15898 | Orc:2    | Noticed an orc warlord
 16063 | Orc:2    | Noticed an orc warlord
 16073 | Orc:2    | Killed an orc warlord
 16074 | Orc:2    | Reached skill level 1 in Hexes
 16669 | Orc:2    | Killed an orc warlord
 17124 | Orc:2    | Reached XP level 14. HP: 145/149 MP: 16/28
 17170 | Orc:2    | Noticed an orc warlord
 17189 | Orc:2    | Killed an orc warlord
 17699 | Orc:2    | Found Mofenlui's Book Shop.
 17704 | Orc:2    | Found Pasm's General Store.
 17770 | Orc:2    | Found a staircase to the Elven Halls.
 17886 | Orc:2    | Reached skill level 5 in Hexes
 18009 | Orc:2    | Found an iron altar of Okawaru.
 18088 | Orc:2    | Found Zaona's Antique Weapon Shop.
 18157 | Orc:2    | Found Qiworghe's Antique Armour Shop.
 18255 | Lair:1   | Entered Level 1 of the Lair of Beasts
 18291 | Lair:1   | Found a dark tunnel.
 18300 | Volcano  | Entered a volcano
 19367 | Lair:1   | Noticed Amaemon
 19377 | Lair:1   | Killed Amaemon
 19854 | Lair:2   | Identified the +0 robe "Fiotob" {Str+4}
 19941 | Lair:2   | Noticed Sonja
 19947 | Lair:2   | Killed Sonja
 20040 | Lair:2   | You fall into a shaft and drop 2 floors!
 20622 | Lair:2   | Reached skill level 1 in Armour
 20643 | Lair:2   | Reached XP level 15. HP: 142/158 MP: 5/30
 21202 | Lair:2   | Found a staircase to the Swamp.
 21378 | Lair:2   | Reached skill level 1 in Shields
 21644 | Lair:2   | Found a hole to the Spider Nest.
 21876 | Lair:3   | Reached skill level 13 in Fighting
 22195 | Lair:3   | Identified a scroll of acquirement
 22196 | Lair:3   | Acquired Goenif's Precepts of Support and Toxicity
 22204 | Lair:3   | Learned a level 5 spell: Irradiate
 22209 | Lair:3   | Learned a level 4 spell: Ignite Poison
 22329 | Lair:3   | Found a runed translucent door.
 22802 | Lair:3   | Reached skill level 5 in Conjurations
 24056 | Lair:4   | Identified the +0 robe of Cocytus {rPois Dex+2}
 24557 | Lair:5   | Entered Level 5 of the Lair of Beasts
 24657 | Lair:4   | Upgraded the game from 0.31.0-2-g5a2aebc5c2 to
                  | 0.31.0-4-g52a2dc7128
 24941 | Lair:5   | Reached skill level 10 in Alchemy
 25530 | Lair:5   | Reached XP level 16. HP: 138/169 MP: 25/32
 25890 | Lair:5   | Found a staircase to the Slime Pits.
 26871 | D:12     | Found a frozen archway.
 26988 | IceCv    | Entered an ice cave
 29414 | D:13     | Identified the +3 mace "Dupios" {flame, rF+ Int+2 Dex+5}
 29467 | D:13     | Learned a level 6 spell: Eringya's Noxious Bog
 29780 | D:13     | Found a gate to the Vaults.
 29939 | D:13     | Reached XP level 17. HP: 178/178 MP: 33/33
 30550 | D:14     | Noticed Louise
 30557 | D:14     | Killed Louise
 30695 | D:14     | Found a white marble altar of Elyvilon.
 30695 | D:14     | Found a glowing golden altar of the Shining One.
 30695 | D:14     | Found a glowing silver altar of Zin.
 30889 | D:15     | Entered Level 15 of the Dungeon
 30903 | D:15     | Paralysed by an ogre mage for 2 turns
 31463 | D:15     | Reached XP level 18. HP: 122/187 MP: 18/34
 31598 | D:15     | Found a staircase to the Depths.
 31781 | D:15     | Identified the +3 dagger "Ryaxi" {venom, +Blink rF+ Dex-4}
 32072 | Spider:1 | Entered Level 1 of the Spider Nest
 32284 | Spider:1 | Noticed Mlioglotl
 32299 | Lair:2   | Killed Mlioglotl
 33744 | Spider:2 | Reached skill level 5 in Armour
 34458 | Spider:3 | Noticed Agnes
 34462 | Spider:3 | Killed Agnes
 34650 | Spider:3 | Noticed Azrael
 34660 | Spider:3 | Killed Azrael
 34661 | Spider:3 | Reached skill level 14 in Fighting
 35228 | Spider:3 | Noticed Arachne
 35237 | Spider:3 | Killed Arachne
 36120 | Spider:4 | Entered Level 4 of the Spider Nest
 36156 | Spider:3 | Gained mutation: Your magical capacity is low. (-10% MP)
                  | [mutagenic glow]
 36621 | Spider:4 | Identified the serpent talisman "Zyciuk" {rElec Will+}
 36621 | Spider:4 | Noticed Aizul
 37357 | Spider:4 | Killed Aizul
 37829 | Spider:4 | Reached XP level 19. HP: 182/200 MP: 26/32
 38401 | Spider:4 | Reached skill level 15 in Fighting
 39045 | Spider:4 | Got a gossamer rune of Zot
 39261 | Swamp:1  | Entered Level 1 of the Swamp
 39740 | Elf:1    | Entered Level 1 of the Elven Halls
 39740 | Elf:1    | Found a runed translucent gate.
 39740 | Elf:1    | Found a runed translucent gate.
 39740 | Elf:1    | Found a runed translucent gate.
 39740 | Elf:1    | Found a runed translucent gate.
 39740 | Elf:1    | Found a runed translucent gate.
 39740 | Elf:1    | Found a runed translucent gate.
 39741 | Elf:1    | Found a runed translucent door.
 39792 | Elf:1    | Found a runed translucent door.
 40370 | Elf:1    | Identified the +5 scale mail of the Bard {Str+2}
 41820 | Elf:1    | Found an ancient bone altar of Kikubaaqudgha.
 41930 | Elf:2    | Reached skill level 16 in Fighting
 42377 | Elf:2    | Found a runed translucent gate.
 42377 | Elf:2    | Found a runed translucent gate.
 42555 | Elf:2    | Found a runed translucent gate.
 42734 | Elf:3    | Entered Level 3 of the Elven Halls
 42740 | Elf:3    | Found Suddiegh's General Store.
 42750 | Elf:3    | Reached skill level 10 in Shields
 43886 | Elf:3    | Identified the +9 long sword "Ywil" {antimagic, Dex+3 SInv}
 43886 | Elf:3    | Identified the ring of Awkoibib {EV+5 Dex+3}
 43886 | Elf:3    | Identified the +2 hand axe "Fudaho" {spect, rC+ rN+ Int+2}
 43895 | Elf:3    | Reached skill level 5 in Dodging
 44083 | Elf:3    | Reached XP level 20. HP: 111/215 MP: 20/33
 44290 | Elf:3    | Identified the +8 chain mail "Iggoer" {Harm Str+2 Int+4
                  | SInv}
 44513 | Elf:3    | Got Atolairen's Precepts of Misty Accelerants
 45783 | Swamp:2  | You fall into a shaft and drop 1 floor!
 45798 | Swamp:3  | Reached skill level 10 in Armour
 46184 | Swamp:2  | Gained mutation: You are vulnerable to cold. (rC-)
                  | [mutagenic glow]
 46185 | Swamp:2  | Lost mutation: You are vulnerable to cold. (rC-) [potion of
                  | mutation]
 46185 | Swamp:2  | Lost mutation: Your magical capacity is low. (-10% MP)
                  | [potion of mutation]
 46185 | Swamp:2  | Gained mutation: Armour fits poorly on your strangely
                  | shaped body. [potion of mutation]
 46185 | Swamp:2  | Gained mutation: You have a pair of horns on your head.
                  | [potion of mutation]
 46185 | Swamp:2  | Gained mutation: You have sharp toenails. [potion of
                  | mutation]
 46850 | Swamp:2  | Found a runed translucent door.
 46853 | Swamp:2  | Noticed Zachydoop's ghost (journeyman DsGl)
 46939 | Swamp:2  | Killed Zachydoop's ghost
 47111 | Swamp:3  | Reached skill level 17 in Fighting
 47248 | Swamp:3  | Found a transporter.
 47250 | Swamp:3  | Noticed Matygoc's ghost (adept HaSk)
 47929 | Swamp:4  | Entered Level 4 of the Swamp
 48665 | Swamp:4  | Reached skill level 15 in Invocations
 48987 | Swamp:4  | Noticed the 27-headed Lernaean hydra
 49001 | Swamp:4  | Killed the 27-headed Lernaean hydra
 49395 | Swamp:4  | Noticed Bai Suzhen
 49487 | Swamp:4  | Killed Bai Suzhen
 49718 | Swamp:4  | Got a decaying rune of Zot
 50006 | Vaults:1 | Entered Level 1 of the Vaults
 50375 | Vaults:1 | Reached XP level 21. HP: 220/226 MP: 27/38
 50375 | Vaults:1 | Paralysed by a formless jellyfish for 1 turns
 50379 | Vaults:1 | Reached skill level 15 in Alchemy
 50754 | Vaults:1 | Noticed Norris
 50764 | Vaults:1 | Killed Norris
 51041 | Vaults:1 | Found Bela's Jewellery Shop.
 51049 | Vaults:1 | Bought the ring "Pukaosaora" {rElec rC++ Will+ Int+6} for
                  | 1535 gold pieces
 51346 | Vaults:1 | Reached skill level 1 in Throwing
 51879 | Vaults:1 | Reached skill level 5 in Throwing
 52405 | Vaults:2 | You fall into a shaft and drop 1 floor!
 52528 | Vaults:2 | Found a staircase to the Crypt.
 52653 | Vaults:2 | Found a magical portal.
 52809 | WizLab   | Entered Lehudib's Moon Base
 52843 | WizLab   | Reached skill level 10 in Throwing
 53152 | WizLab   | Reached XP level 22. HP: 234/236 MP: 7/40
 54382 | WizLab   | Found a transporter.
 54732 | WizLab   | Found a transporter.
 55175 | WizLab   | Identified the ring of Sise {rPois SInv}
 55189 | WizLab   | Identified the +1 dagger "Jiupp" {protect, rN+ Int+5}
 58158 | Vaults:4 | Found Emao's Weapon Boutique.
 58246 | Vaults:4 | HP: 2/236 [war gargoyle/+0 flail[a peacekeeper] (27)]
 58465 | Vaults:4 | Reached skill level 15 in Throwing
 58847 | Vaults:4 | Reached XP level 23. HP: 244/244 MP: 3/41
 59335 | Vaults:4 | Found Fojakeadgh's Antique Weapon Shoppe.
 59370 | Vaults:4 | Noticed Zenata
 59377 | Vaults:4 | Killed Zenata
 59460 | Vaults:4 | Found Noxt's Magic Scroll Shoppe.
 59468 | Vaults:4 | Bought a scroll of enchant weapon for 120 gold pieces
 59468 | Vaults:4 | Bought a scroll of vulnerability for 64 gold pieces
 59468 | Vaults:4 | Bought a scroll of fear for 64 gold pieces
 59468 | Vaults:4 | Bought a scroll of fear for 64 gold pieces
 59468 | Vaults:4 | Bought a scroll of fear for 64 gold pieces
 59468 | Vaults:4 | Bought a scroll of poison for 64 gold pieces
 59717 | Vaults:4 | Got the Enchiridion on United Thunder
 59794 | Vaults:4 | Learned a level 5 spell: Alistair's Intoxication
 59798 | Vaults:4 | Learned a level 3 spell: Fugue of the Fallen
 59805 | Vaults:4 | Learned a level 6 spell: Death Channel
 59808 | Vaults:4 | Learned a level 2 spell: Blink
 59821 | Vaults:5 | Entered Level 5 of the Vaults
 59830 | Vaults:5 | Reached skill level 5 in Translocations
 60077 | Vaults:5 | Noticed an ancient lich
 60126 | Vaults:4 | Killed an ancient lich
 60127 | Vaults:4 | Reached skill level 15 in Spellcasting
 60145 | Vaults:4 | Learned a level 4 spell: Manifold Assault
 60841 | Vaults:4 | Reached skill level 10 in Translocations
 61317 | Vaults:5 | Noticed a dread lich
 61327 | Vaults:5 | Reached skill level 1 in Necromancy
 61341 | Vaults:5 | Killed a dread lich
 61382 | Vaults:5 | Got the Discourse on Battle Magic
 61394 | Vaults:5 | Identified the +0 arbalest of Painful Death {freeze, rElec
                  | rF- Dex+9}
 61398 | Vaults:5 | Noticed an ancient lich
 61399 | Vaults:5 | Identified the +2 dagger of Incongruity {speed, Dex+4}
 61416 | Vaults:5 | Killed an ancient lich
 61551 | Vaults:5 | Identified the +7 rapier "Qimin" {flame, rC+ Will+}
 61562 | Vaults:5 | Found the +5 scythe "Finisher" {speed, execute}
 61577 | Vaults:5 | Got a silver rune of Zot
 61601 | Vaults:5 | Identified the +7 lajatang "Tadih" {flame, Str+4}
 61702 | Vaults:5 | Identified the +4 robe "Faser" {-Tele rC+ rN+ Stlth+}
 61769 | Vaults:5 | Reached skill level 5 in Necromancy
 61900 | Vaults:5 | Identified the ring of Asheq {AC+4 Str+2}
 61907 | Vaults:5 | Noticed a golden dragon
 61923 | Vaults:5 | Killed a golden dragon
 62105 | Vaults:5 | Found Xuschytu's Assorted Antiques.
 62112 | Vaults:5 | Bought a scroll of blinking for 270 gold pieces
 62120 | Vaults:5 | Identified the +4 falchion "Meukh" {freeze, ^Drain Str+5}
 62494 | Vaults:5 | Noticed Boris
 62729 | Depths:1 | Entered Level 1 of the Depths
 62739 | Depths:1 | Reached XP level 24. HP: 235/253 MP: 26/42
 62843 | Depths:1 | Found a one-way gate leading to the halls of Pandemonium.
 62852 | Depths:1 | Found a gateway to Hell.
 63041 | Depths:1 | Found Inneapre's Magic Scroll Shoppe.
 63068 | Depths:1 | Found Dautesur's Antique Weapon Emporium.
 63200 | Depths:1 | Bought a scroll of fog for 52 gold pieces
 63200 | Depths:1 | Bought a scroll of poison for 52 gold pieces
 63200 | Depths:1 | Bought a scroll of fog for 52 gold pieces
 63200 | Depths:1 | Bought a scroll of teleportation for 39 gold pieces
 63200 | Depths:1 | Bought a scroll of poison for 52 gold pieces
 63200 | Depths:1 | Bought a scroll of blinking for 97 gold pieces
 63200 | Depths:1 | Bought a scroll of revelation for 97 gold pieces
 63255 | Depths:1 | Learned a level 4 spell: Passage of Golubria
 63420 | Depths:1 | You fall into a shaft and drop 1 floor!
 63729 | Depths:2 | Acquired the +0 cloak of Too Many Cooks {Str+3}
 63730 | Depths:2 | Acquired 608 gold pieces
 63731 | Depths:2 | Acquired the amulet "Wyt Rua" {Reflect rF+ SH+5}
 63875 | Depths:2 | Found Puvit's Magic Scroll Shop.
 63964 | Depths:2 | Reached skill level 10 in Necromancy
 63966 | Depths:2 | Noticed the Enchantress
 63974 | Depths:2 | Killed the Enchantress
 64650 | Depths:1 | Found Xiveluy's Magic Scroll Emporium.
 64658 | Depths:1 | Bought a scroll of fog for 84 gold pieces
 64658 | Depths:1 | Bought a scroll of enchant armour for 157 gold pieces
 64658 | Depths:1 | Bought a scroll of enchant armour for 157 gold pieces
 64658 | Depths:1 | Bought a scroll of silence for 199 gold pieces
 65205 | Depths:2 | Bought a scroll of teleportation for 66 gold pieces
 65205 | Depths:2 | Bought a scroll of blinking for 165 gold pieces
 65205 | Depths:2 | Bought a scroll of immolation for 88 gold pieces
 65205 | Depths:2 | Bought a scroll of teleportation for 66 gold pieces
 65205 | Depths:2 | Bought a scroll of blinking for 165 gold pieces
 65205 | Depths:2 | Bought a scroll of enchant weapon for 165 gold pieces
 65908 | Depths:3 | Noticed a juggernaut
 65924 | Depths:2 | Killed a juggernaut
 66174 | Depths:3 | Reached XP level 25. HP: 177/261 MP: 19/43
 66496 | Depths:3 | Noticed a juggernaut
 66510 | Depths:3 | Killed a juggernaut
 67223 | Depths:3 | Identified the +8 glaive "Tueliel" {heavy, rC- Str+5 Int+3}
 67697 | Depths:3 | Paralysed by a sphinx for 3 turns
 68123 | Depths:3 | Identified the +12 glaive of the Gloaming {speed, Str-4
                  | Dex+4}
 68154 | Depths:3 | Found a one-way gateway to a ziggurat.
 68405 | Depths:3 | Found a glowing golden altar of the Shining One.
 68406 | Depths:3 | Found a sparkling altar of Nemelex Xobeh.
 68408 | Depths:3 | Found a white marble altar of Elyvilon.
 68408 | Depths:3 | Found a blossoming altar of Fedhas.
 68655 | Depths:3 | Noticed a juggernaut
 68667 | Depths:3 | Killed a juggernaut
 68774 | Depths:3 | Identified the +4 dagger "Oni's Regret" {flame, +Blink rF-
                  | Dex+6 SInv}
 68774 | Depths:3 | Identified the staff of the Thing {rPois Will+ Alchemy}
 68799 | Depths:3 | Identified the +2 long sword of the Threshing Gods {chaos,
                  | Dex+5}
 69049 | Depths:3 | Found a one-way gate to the infinite horrors of the Abyss.
 69118 | Depths:3 | Identified the ring "Vuklat Zerph" {rPois EV+5 Int+3}
 69318 | Depths:3 | Found a runed translucent door.
 69323 | Depths:3 | Found a runed translucent door.
 69402 | Depths:4 | Entered Level 4 of the Depths
 69686 | Depths:4 | Reached XP level 26. HP: 268/269 MP: 43/43
 69867 | Depths:4 | Acquired 1240 gold pieces
 69878 | Depths:4 | Found a runed translucent gate.
 69901 | Depths:4 | Found a runed translucent gate.
 69901 | Depths:4 | Found a runed translucent gate.
 70357 | Depths:4 | Found a gate to the Realm of Zot.
 70535 | Depths:4 | Found Oxub's Jewellery Boutique.
 70536 | Depths:4 | Found Idwyvvoy's Book Shoppe.
 70536 | Depths:4 | Found Zuawaj's Book Shoppe.
 71405 | Slime:1  | Entered Level 1 of the Pits of Slime
 71476 | Slime:2  | Reached skill level 18 in Fighting
 71879 | Slime:4  | Reached skill level 19 in Fighting
 72022 | Slime:5  | Entered Level 5 of the Pits of Slime
 72022 | Slime:5  | Found the +16 obsidian axe {drain, demonic, Mesm ^Drain Fly
                  | SInv}
 72134 | Slime:5  | Noticed the Royal Jelly
 72175 | Slime:5  | Reached skill level 20 in Fighting
 72601 | Slime:5  | Reached skill level 21 in Fighting
 72604 | Slime:5  | Found a viscous altar of Jiyva.
 72815 | Slime:5  | Killed the Royal Jelly
 73179 | Slime:5  | Got the Octavo of Intoxication and Conjury
 73181 | Slime:5  | Identified the +6 orcbow of Uluat {elec, rN++ Str-2}
 73194 | Slime:5  | Identified the +2 ring mail of Duty {rC++}
 73233 | Slime:5  | Identified the +1 sling "Usubiul" {drain, rF+ rN+ Stlth+}
 73239 | Slime:5  | Got a slimy rune of Zot
 73240 | Slime:5  | Identified the staff of the Hills {rPois rN+ Dex+3 Stlth+
                  | Conj Alchemy}
 73241 | Slime:5  | Identified the +4 dagger "Hayciw" {freeze, ^Fragile rElec
                  | rPois Str-2}
 73244 | Slime:5  | Identified the +2 lajatang of Weapug {protect, +Blink rN+
                  | Dex-4}
 73276 | Slime:5  | Identified the ring "Tats" {Wiz ^Drain Will+ Dex+2}
 73281 | Slime:5  | Identified the +0 sling of Apraer {elec, Str+3}
 73704 | Pan      | Entered Pandemonium
 73832 | Pan      | Reached skill level 22 in Fighting
 73925 | Pan      | Reached XP level 27. HP: 80/302 MP: 1/43
 74406 | Pan      | HP: 12/302 [Brimstone Fiend/damnation (29)]
 74412 | Pan      | Reached skill level 23 in Fighting
 74955 | Pan      | Identified the +1 bardiche "Leviticus" {holy, *Slow +Blink
                  | rF+ rN+ MP+9}
 74979 | Pan      | Identified the +9 glaive of Dismemberment {vamp, ^Drain
                  | +Blink rElec Str+8}
 75099 | Pan      | Noticed Ynlabro the pandemonium lord
 75199 | Pan      | HP: 13/299 [Tzitzimitl/bolt of negative energy (12)]
 75262 | Pan      | Killed from afar by a Brimstone Fiend

Illustrated notes

Levels and vault maps discovered:
D:1:      dpeg_arrival_windows_large_door, layout_basic,
          nicolae_ecumenical_lake_church, interstate_on_off
D:2:      layout_basic, uniq_crazy_yiuf_cottage
D:3:      layout_basic
D:4:      corexii_shack_village, layout_basic, nicolae_uskayaw_dance_hall,
          chequers_temple_overflow_statue_of_worship,
          minmay_temple_entry_stoned_glass, serial_rivers,
          chequers_serial_rivers_large_a, chequers_serial_rivers_micro_e,
          chequers_serial_rivers_small_b, chequers_serial_rivers_micro_e,
          chequers_serial_rivers_micro_b, gammafunk_ghost_grave,
          nicolae_shop_gadgets
D:5:      layout_loops_ring
D:6:      layout_basic, serial_bayou_ford_a, uniq_jeremiah
D:7:      bobbens_index_wilting_gardens, layout_loops_ring
D:8:      layout_basic, enter_bailey_2, serial_shops,
          nicolae_shop_bloodbath_and_beyond, shop, nicolae_take_the_stairs,
          nicolae_shop_tiny_waterfront
D:9:      layout_stronghold, minmay_fractal_squares_gapless_7,
          uniq_prince_ribbit1, uniq_gastronok, uniq_erolcha, uniq_erica
D:10:     layout_big_octagon, mainiacjoe_overflow_six_doors_small, serial_shops,
          shop, nicolae_rejected_hall, uniq_grum, uniq_maggie
D:11:     layout_basic, dpeg_oklobed_lair, minmay_orc_entry_guard_dogs
D:12:     layout_stronghold, portal_ice_cave_entry_animals_and_master, drop_trap
D:13:     layout_basic, hellmonk_vaults_order_and_chaos, grunt_ministairs_12
D:14:     layout_cave_pods, good_gods_mini_temple, uniq_louise
D:15:     gammafunk_depths_entry_grave, layout_rooms, minmay_quadrilaterals
Lair:1:   layout_chaotic_city, enter_volcano_2, serial_bayou_shore_a,
          grunt_megastairs_4, uniq_amaemon
Lair:2:   layout_cave_pods, mainiacjoe_swamp_entry_angry_trees,
          nicolae_spider_entry_orb_guardian, uniq_sonja
Lair:3:   gammafunk_mikee_crab_dinner, layout_big_grid
Lair:4:   minmay_lair_oklob_chamber, layout_loops_ring, lemuel_fruit_tree,
          grunt_megastairs_2
Lair:5:   minmay_lair_end_enchanted_forest, layout_long_grid, slime_entry_1,
          infiniplex_staircase_pool_2
Swamp:1:  layout_falls_marsh, evilmike_swamp_ruin_house_1,
          infiniplex_staircase_pool, nicolae_swamp_decorative_isthmus
Swamp:2:  cheibrodos_swamp_monstrosity, layout_basic_swamp,
          ebering_ghost_reflecting_pool, hangedman_swamp_ruin_wall,
          swamp_pool_5, nicolae_swamp_wisp_ring_woods
Swamp:3:  layout_basic_swamp, gammafunk_ghost_mausoleum,
          evilmike_swamp_ruin_house_2, nicolae_swamp_little_tower, swamp_pool_4,
          nicolae_swamp_some_circles, ldierk_geyser
Swamp:4:  swamp_old_school, layout_basic_swamp, uniq_bai_suzhen
Spider:1: layout_spider_delve, nicolae_spider_jagged_tunnels, uniq_mlioglotl
Spider:2: layout_spider_delve
Spider:3: layout_spider_delve, uniq_agnes, uniq_arachne, uniq_azrael
Spider:4: grunt_spider_rune_circles, guppyfry_spider_mini_2, uniq_aizul
Slime:1:  layout_caves
Slime:2:  layout_caves, nicolae_slime_welcoming_committee
Slime:3:  nicolae_slime_pool, layout_caves
Slime:4:  layout_caves
Slime:5:  slime_pit_nicolae_jellycorners
Orc:1:    layout_caves, hellmonk_ghost_happy_afterlife
Orc:2:    grunt_orc_cross, layout_caves, okawaru_metal_pillars_1_2
Elf:1:    nicolae_elf_arrival_dilemma, layout_loops_corners,
          nicolae_elf_shapeshifter_party, minivault_16, lemuel_upstairs_altar
Elf:2:    elven_hall_of_blades_hangedman_original
          [nicolae_blade_entry_crossed_weapons], layout_geoelf_octagon
Elf:3:    elf_hall_gauntlet_wide, layout_gridlike, serial_shops, shop
Vaults:1: nicolae_vaults_house_1, v_misc_15, v_rooms_6,
          nicolae_vaults_whirlpool_walls, nicolae_vaults_what_the_h,
          nicolae_vaults_storage_room_water, nicolae_vaults_circle_grid_b,
          v_alt_pattern_6, nicolae_vaults_stepped_doors, v_misc_11,
          vaults_mumra_lcd, nicolae_vaults_tetromino_L_2, vaults_room_pools,
          nicolae_vaults_rhombus_5, nicolae_vaults_rhombus_6,
          nicolae_vaults_weapon_check, nicolae_vaults_house_1,
          ontoclasm_vaults_decontamination, layout_vaults_omnicross,
          serial_shops, shop, uniq_norris
Vaults:2: mu_enter_wizlab_6, v_misc_8, minmay_crypt_entry_simple_walls,
          nicolae_vaults_door_testing_chamber, hangedman_vaults_river_flow,
          vaults_mumra_hex, nicolae_vaults_trapezoid_lopsided_3,
          nicolae_vaults_wrenched, nicolae_vaults_storage_closets_1,
          nicolae_vaults_double_plus_1, hangedman_vaults_capsules,
          vaults_dpeg_doors, ontoclasm_vaults_misaligned,
          nicolae_vaults_security_offices_1, vaults_room_stairs_pillars,
          nicolae_vaults_trapezoid_1, grunt_vaults_hallway_short,
          layout_vaults_maze_snakey
Vaults:3: nicolae_vaults_storage_closets_3,
          serial_library_regret_index_small_wings, v_misc_25,
          serial_library_hellmonk_semicircle, v_misc_2,
          nicolae_vaults_bisected_exclaves, grunt_vaults_bifocal,
          vaults_room_grid, v_rooms_4, nicolae_vaults_network_periphery,
          nicolae_vaults_storage_closets_2, nicolae_vaults_tetromino_Z_2,
          nicolae_vaults_specimen_jars, layout_vaults_ring
Vaults:4: nicolae_vaults_cornered_office, nicolae_vaults_closet_pinwheel_4,
          hangedman_vaults_maws, nicolae_vaults_library_corner,
          nicolae_vaults_spaceships, vaults_room_ringed_pool,
          nicolae_vaults_house_3, nicolae_vaults_little_squares_4,
          layout_vaults_omnigrid, serial_shops, nicolae_shop_waterfront,
          nicolae_lakefront_shop, shop, uniq_zenata
Vaults:5: serial_shops, uniq_boris
Depths:1: layout_basic, hangedman_geh_valley, pan_entry, serial_shops,
          nicolae_shop_just_a_little_nook, chequers_serial_rivers_small_a,
          lemuel_old_faithful, minmay_shoptagon
Depths:2: minmay_polygon_palace, layout_cave_shapes, rand_demon_pan_entry_3,
          hell_entry, hangedman_abyss_or_decor_stabs, serial_shops,
          nicolae_shop_tiny_glass, uniq_enchantress
Depths:3: minmay_the_grid_ultimate [minmay_the_grid_prize_shrinking_boxes,
          minmay_the_grid_prize_four_corners_diamond_b,
          minmay_the_grid_prize_four_corners,
          minmay_the_grid_prize_inner_circle,
          minmay_the_grid_square_5x5_tri_point,
          minmay_the_grid_square_5x5_minimal,
          minmay_the_grid_square_5x5_inverted_slash,
          minmay_the_grid_square_5x5_spiral, minmay_the_grid_square_5x5_n_small,
          minmay_the_grid_square_5x5_seven,
          minmay_the_grid_square_5x5_spiral_small,
          minmay_the_grid_square_5x5_gyroscope,
          minmay_the_grid_square_5x5_two_small,
          minmay_the_grid_square_5x5_broken_cross,
          minmay_the_grid_square_5x5_fancy_junction,
          minmay_the_grid_square_5x5_fat_x,
          minmay_the_grid_square_5x5_half_checkered,
          minmay_the_grid_square_5x5_tie, minmay_the_grid_square_5x5_checkered,
          minmay_the_grid_triangle_9x9_thin_v,
          minmay_the_grid_triangle_9x9_stretched_checkered,
          minmay_the_grid_triangle_9x9_negative_grid,
          minmay_the_grid_triangle_9x9_checkered,
          minmay_the_grid_triangle_9x9_empty,
          minmay_the_grid_triangle_9x9_intruding_spiral,
          minmay_the_grid_triangle_9x9_semitri,
          minmay_the_grid_triangle_9x9_dagger,
          minmay_the_grid_triangle_9x9_alien,
          minmay_the_grid_triangle_9x9_from_above,
          minmay_the_grid_triangle_9x9_skeleton,
          minmay_the_grid_triangle_9x9_sprig,
          minmay_the_grid_triangle_9x9_pentomino_pain,
          minmay_the_grid_triangle_9x9_corrupted_corridor,
          minmay_the_grid_triangle_9x9_tough_junction,
          minmay_the_grid_triangle_9x9_descending_squares,
          minmay_the_grid_square_5x5_plus, minmay_the_grid_octo_shrine,
          minmay_the_grid_octo_77, minmay_the_grid_octo_concentric,
          minmay_the_grid_octo_toaster, minmay_the_grid_octo_horde,
          minmay_the_grid_octo_clover, minmay_the_grid_octo_checkered,
          minmay_the_grid_octo_focus, minmay_the_grid_pillar_ring,
          minmay_the_grid_odd_star, minmay_the_grid_eight,
          minmay_the_grid_tiny_cups], pan_entry, hell_entry, abyss_entry
Depths:4: grunt_crosshair, layout_basic, nicolae_hexahallways, hell_entry,
          pandoras_box_mu, minmay_shop_grove, kennysheep_random_hallway
Pan:      evilmike_mini_pan_pillars, layout_rooms, evilmike_mini_pan_T,
          layout_pan_divisions_b [pan_division_quadrant_b6,
          pan_division_quadrant_b4, pan_division_quadrant_b1,
          pan_division_quadrant_b3], pan_captured_pigsty,
          evilmike_mini_pan_layers, layout_small_grid, grunt_pan_zigzag,
          layout_cellular_growth, uniq_ignacio, pan_blood_fountain

Skill      XL: |  1  2  3  4  5  6  7  8  9 10 11 12 13 14 15 16 17 18 19 20 21 22 23 24 25 26 27 |
---------------+----------------------------------------------------------------------------------+-----
Spellcasting   | 3 4 5 6 8 9 10 11 12 13 14 15 16 | 16.1
Shapeshifting  | 1 |  1.6
Alchemy        | 3 4 5 6 7 8 9 10 13 14 15 | 15.5
Fire Magic     | 1 2 4 6 7 |  7.7
Conjurations   | 1 2 7 |  7.5
Air Magic      | 1 2 |  2.6
Fighting       | 7 8 12 13 14 16 17 22 23 | 23.2
Invocations    | 5 12 13 16 | 16.8
Maces & Flails | 5 10 12 | 12.0
Hexes          | 3 7 |  7.3
Dodging        | 2 3 5 |  5.9
Armour         | 1 3 4 6 9 10 | 10.4
Shields        | 1 6 7 8 10 11 | 11.5
Throwing       | 10 15 17 21 22 | 22.4
Translocations | 10 | 10.9
Necromancy     | 6 12 | 12.0
Stealth        | |  1.4

Action                     |  1- 3 |  4- 6 |  7- 9 | 10-12 | 13-15 | 16-18 | 19-21 | 22-24 | 25-27 || total
---------------------------+-------+-------+-------+-------+-------+-------+-------+-------+-------++-------
  Melee: Unarmed           |    20 |     1 |       |       |       |       |       |       |       ||    21
         Headbutt          |     5 |     8 |    24 |    47 |   179 |   141 |   261 |   431 |   410 ||  1506
         Dagger            |       |    51 |   140 |    55 |       |       |       |       |       ||   246
         Punch             |       |     1 |     1 |     2 |     4 |     2 |       |       |       ||    10
         Morningstar       |       |       |       |   145 |   122 |       |       |       |       ||   267
         Dire flail        |       |       |       |       |   245 |       |       |       |       ||   245
         Demon whip        |       |       |       |       |   255 |   520 |   880 |  1070 |  1035 ||  3760
         Kick              |       |       |       |       |       |       |   301 |   669 |   620 ||  1590
  Throw: Dart              |       |       |       |       |     3 |       |       |       |       ||     3
         Javelin           |       |       |       |       |       |       |       |     2 |     8 ||    10
         Large rock        |       |       |       |       |       |       |       |       |    73 ||    73
         Boomerang         |       |       |       |       |       |       |       |       |     6 ||     6
   Cast: Sting             |    74 |    43 |    27 |    25 |       |       |       |       |       ||   169
         Mephitic Cloud    |       |     1 |     2 |     9 |     4 |     5 |     6 |       |       ||    27
         Olgreb's Toxic Ra |       |     2 |    18 |    76 |   155 |   109 |    83 |    51 |    21 ||   515
         Sticky Flame      |       |       |    27 |    54 |    91 |    87 |    49 |    48 |    57 ||   413
         Yara's Violent Un |       |       |       |       |     5 |     1 |    34 |    27 |    21 ||    88
         Ignite Poison     |       |       |       |       |    15 |    47 |    89 |    59 |    38 ||   248
         Irradiate         |       |       |       |       |     8 |    58 |    94 |    56 |    37 ||   253
         Eringya's Noxious |       |       |       |       |       |     9 |    64 |    37 |    17 ||   127
         Fugue of the Fall |       |       |       |       |       |       |       |     4 |    14 ||    18
         Manifold Assault  |       |       |       |       |       |       |       |     4 |     2 ||     6
         Blink             |       |       |       |       |       |       |       |     1 |       ||     1
         Death Channel     |       |       |       |       |       |       |       |     1 |     5 ||     6
 Invoke: Upheaval          |       |       |       |     2 |     1 |     2 |     6 |     1 |     3 ||    15
         Elemental Force   |       |       |       |       |     2 |       |       |       |       ||     2
         Disaster Area     |       |       |       |       |       |       |     2 |     2 |     3 ||     7
  Evoke: Wand              |       |       |       |     3 |     5 |     4 |     8 |     3 |     1 ||    24
         Phial of floods   |       |       |       |       |       |       |     1 |       |       ||     1
         Lightning rod     |       |       |       |       |       |       |       |     1 |       ||     1
    Use: Scroll            |     4 |       |     4 |     6 |     6 |     8 |    11 |    13 |     9 ||    61
         Potion            |       |       |       |     4 |       |     3 |     3 |     7 |     3 ||    20
   Stab: Confused          |       |       |       |     1 |       |       |     1 |       |       ||     2
         Distracted        |       |       |       |       |       |       |       |       |     3 ||     3
 Armour: Robe              |    29 |    36 |    87 |   151 |    39 |       |       |       |       ||   342
         Acid dragon scale |       |       |       |       |   366 |   369 |   280 |       |       ||  1015
         Fire dragon scale |       |       |       |       |       |       |   131 |   513 |   440 ||  1084
  Dodge: Dodged            |    21 |    27 |   102 |   179 |   438 |   285 |   320 |   330 |   221 ||  1923
         Repelled          |       |       |       |     2 |     4 |     5 |    23 |    15 |    25 ||    74
  Block: Other             |     3 |     5 |    34 |    83 |   193 |    63 |       |       |       ||   381
         Kite shield       |       |       |       |       |       |   366 |   782 |   947 |  1077 ||  3172
         Reflection        |       |       |       |       |       |       |       |    16 |    14 ||    30
   Form: Beast             |     1 |     1 |       |       |       |       |       |       |       ||     2
                           |       |     2 |       |       |       |       |       |       |       ||     2
